3A
LOUISIANA DRAGOONS @ KENNESAW JETS
09/02/2030
 
TOP OF THE 1ST
Louisiana Dragoons batting - Pitching for Kennesaw Jets : RHP Ajax Moscopolis
Pitching: RHP Ajax Moscopolis
Batting: RHB Reynaldo Padilla 0-0: Foul Ball, location: 2F
0-1: Foul Ball, location: 2F
0-2: Ball
1-2: Ball
2-2: Strikes out swinging
Batting: SHB Yun-qi Chien 0-0: Called Strike
0-1: Foul Ball, location: 2F
0-2: Hit by Pitch
Batting: LHB Walt Trombly 0-0: Ball
1-0: Called Strike
1-1: Fly out, F7 (Flyball, 78S)
Batting: LHB Ken Gill 0-0: Foul Ball, location: 2F
0-1: Ball
1-1: Foul Ball, location: 2F
1-2: Ball
2-2: SINGLE (Line Drive, 34)
Yun-qi Chien to second
Runner from 2nd tries for 3rd, SAFE, no throw
Batting: LHB Randy Sallah 0-0: Called Strike
0-1: Foul Ball, location: 2F
0-2: SINGLE (Popup, P)
Yun-qi Chien scores
Ken Gill to second
Runner from 2nd tries for 3rd, SAFE, throw made to third
Batting: RHB Stephen Webb 0-0: Called Strike
0-1: Called Strike
0-2: Strikes out looking
Top of the 1st over - 1 run, 2 hits, 0 errors, 2 left on base; Louisiana 1 - Kennesaw 0
BOTTOM OF THE 1ST
Kennesaw Jets batting - Pitching for Louisiana Dragoons : RHP Ánibal Rivera
Pitching: RHP Ánibal Rivera
Batting: RHB Jason Hopdown 0-0: Ground out 4-3 (Groundball, 4)
Batting: RHB John Shultz 0-0: Called Strike
0-1: Ground out 6-3 (Groundball, 6)
Batting: LHB Thierry Honoré 0-0: Ball
1-0: Foul Ball, location: 2F
1-1: Swinging Strike
1-2: Foul Ball, location: 2F
1-2: Fly out, F8 (Line Drive, 8LM)
Bottom of the 1st over - 0 runs, 0 hits, 0 errors, 0 left on base; Louisiana 1 - Kennesaw 0
TOP OF THE 2ND
Louisiana Dragoons batting - Pitching for Kennesaw Jets : RHP Ajax Moscopolis
Batting: RHB Nelson Muntz 0-0: Swinging Strike
0-1: Ball
1-1: Called Strike
1-2: Strikes out looking
Batting: RHB Min-gook Ch'oe 0-0: Foul Ball, location: 2F
0-1: Called Strike
0-2: Ball
1-2: Ball
2-2: Foul Ball, location: 2F
2-2: Strikes out swinging
Batting: RHB Carlos Amaya 0-0: Called Strike
0-1: Ball
1-1: Swinging Strike
1-2: Ground out 5-3 (Groundball, 56)
Top of the 2nd over - 0 runs, 0 hits, 0 errors, 0 left on base; Louisiana 1 - Kennesaw 0
BOTTOM OF THE 2ND
Kennesaw Jets batting - Pitching for Louisiana Dragoons : RHP Ánibal Rivera
Batting: LHB Rob Rodríguez 0-0: Called Strike
0-1: Swinging Strike
0-2: Ball
1-2: Ball
2-2: Foul Ball, location: 2F
2-2: Ball
3-2: Base on Balls
Batting: LHB Sandor Addicks 0-0: Called Strike
0-1: Foul Ball, location: 2F
0-2: Ball
1-2: Strikes out looking
Batting: RHB Maurice Tremain 0-0: Called Strike
0-1: Swinging Strike
0-2: Ball
1-2: Foul Ball, location: 2F
1-2: SINGLE (Flyball, 78M)
Rob Rodríguez to second
Batting: RHB Miguel Angel Montaño 0-0: Called Strike
0-1: DOUBLE (Groundball, 5L)
Rob Rodríguez scores
Maurice Tremain to third
Batting: SHB Jack MacJarrow 0-0: Called Strike
0-1: Foul Ball, location: 2F
0-2: Foul Ball, location: 2F
0-2: Ball
1-2: Ball
2-2: Fly out, F9 (Flyball, 89M)
Batting: RHB Juan Herrera 0-0: Ball
Wild Pitch!
Maurice Tremain scores
Miguel Angel Montaño to third
1-0: Ball
2-0: Ground out 6-3 (Groundball, 6MD)
Bottom of the 2nd over - 2 runs, 2 hits, 0 errors, 1 left on base; Louisiana 1 - Kennesaw 2
TOP OF THE 3RD
Louisiana Dragoons batting - Pitching for Kennesaw Jets : RHP Ajax Moscopolis
Batting: RHB Reynaldo Padilla 0-0: Ball
1-0: Ball
2-0: Called Strike
2-1: Ground out 4-3 (Groundball, 4)
Batting: SHB Yun-qi Chien 0-0: Ball
1-0: Foul Ball, location: 2F
1-1: Reached on error, E5 (Groundball, 56)
Batting: LHB Walt Trombly 0-0: Ball
1-0: Ball
2-0: SINGLE (Line Drive, 34)
Yun-qi Chien to second
Runner from 2nd tries for 3rd, OUT!
Batting: LHB Ken Gill 0-0: Ball
1-0: Ball
2-0: Ball
3-0: Base on Balls
Walt Trombly to second
Batting: LHB Randy Sallah 0-0: Ball
1-0: Foul Ball, location: 2F
1-1: Ball
2-1: SINGLE (Line Drive, 9LS)
Walt Trombly to third
Ken Gill to second
Runner from 3rd tries for Home, SAFE, no throw
Batting: RHB Stephen Webb 0-0: Foul Ball, location: 2F
0-1: Foul Ball, location: 2F
0-2: 3-RUN HOME RUN (Flyball, 78XD), Distance : 406 ft
Batting: RHB Nelson Muntz 0-0: Called Strike
0-1: Ground out 4-3 (Groundball, 4)
Top of the 3rd over - 4 runs, 3 hits, 1 error, 0 left on base; Louisiana 5 - Kennesaw 2
BOTTOM OF THE 3RD
Kennesaw Jets batting - Pitching for Louisiana Dragoons : RHP Ánibal Rivera
Batting: RHB Jason Hopdown 0-0: Foul Ball, location: 2F
0-1: Fly out, F8 (Flyball, 78M)
Batting: RHB John Shultz 0-0: Called Strike
0-1: Foul Ball, location: 2F
0-2: Ball
1-2: Ground out 5-3 (Groundball, 5)
Batting: LHB Thierry Honoré 0-0: Called Strike
0-1: Ball
1-1: Ball
2-1: Swinging Strike
2-2: Fly out, F9 (Flyball, 9S)
Bottom of the 3rd over - 0 runs, 0 hits, 0 errors, 0 left on base; Louisiana 5 - Kennesaw 2
TOP OF THE 4TH
Louisiana Dragoons batting - Pitching for Kennesaw Jets : RHP Ajax Moscopolis
Batting: RHB Min-gook Ch'oe 0-0: Ball
1-0: Foul Ball, location: 2F
1-1: SOLO HOME RUN (Flyball, 7D), Distance : 364 ft
Batting: RHB Carlos Amaya 0-0: Ball
1-0: Foul Ball, location: 2F
1-1: Foul Ball, location: 2F
1-2: Fly out, F8 (Flyball, 78M)
Batting: RHB Reynaldo Padilla 0-0: Called Strike
0-1: DOUBLE (Groundball, 5L)
Batting: SHB Yun-qi Chien 0-0: Ball
1-0: Foul Ball, location: 2F
1-1: Fly out, F8 (Flyball, 8RS)
Batting: LHB Walt Trombly 0-0: Foul Ball, location: 2F
0-1: Called Strike
0-2: Strikes out swinging
Top of the 4th over - 1 run, 2 hits, 0 errors, 1 left on base; Louisiana 6 - Kennesaw 2
BOTTOM OF THE 4TH
Kennesaw Jets batting - Pitching for Louisiana Dragoons : RHP Ánibal Rivera
Batting: LHB Rob Rodríguez 0-0: TRIPLE (Line Drive, 7D)
Batting: LHB Sandor Addicks 0-0: Ball
1-0: 2-RUN HOME RUN (Flyball, 89XD), Distance : 394 ft
Batting: RHB Maurice Tremain 0-0: Called Strike
0-1: Foul Ball, location: 2F
0-2: Ball
1-2: Strikes out swinging
Batting: RHB Miguel Angel Montaño 0-0: Foul Ball, location: 2F
0-1: Ball
1-1: SINGLE (Groundball, 6MD)
Batting: SHB Jack MacJarrow 0-0: Ball
Miguel Angel Montaño steals 2nd base
1-0: Called Strike
1-1: Ball
2-1: Ball
3-1: Called Strike
3-2: Base on Balls
Batting: RHB Juan Herrera 0-0: Ball
1-0: Foul Ball, location: 2F
1-1: Foul Ball, location: 2F
1-2: Fly out, F5 (Line Drive, 5)
Batting: RHB Jason Hopdown 0-0: Ball
1-0: Called Strike
1-1: Ball
2-1: Swinging Strike
2-2: Fly out, F8 (Flyball, 8RM)
Bottom of the 4th over - 2 runs, 3 hits, 0 errors, 2 left on base; Louisiana 6 - Kennesaw 4
TOP OF THE 5TH
Louisiana Dragoons batting - Pitching for Kennesaw Jets : RHP Ajax Moscopolis
Batting: LHB Ken Gill 0-0: Ball
1-0: Ball
2-0: Ball
3-0: Called Strike
3-1: SINGLE (Line Drive, 56D)
Batting: LHB Randy Sallah 0-0: Grounds into double play, 4-6-3 (Groundball, 4)
Batting: RHB Stephen Webb 0-0: Called Strike
0-1: Ball
1-1: Ball
2-1: Foul Ball, location: 2F
2-2: Foul Ball, location: 2F
2-2: Fly out, F9 (Flyball, 9LSF)
Top of the 5th over - 0 runs, 1 hit, 0 errors, 0 left on base; Louisiana 6 - Kennesaw 4
BOTTOM OF THE 5TH
Kennesaw Jets batting - Pitching for Louisiana Dragoons : RHP Ánibal Rivera
Batting: RHB John Shultz 0-0: Called Strike
0-1: Ball
1-1: Ball
2-1: Ball
3-1: Foul Ball, location: 2F
3-2: Foul Ball, location: 2F
3-2: Foul Ball, location: 2F
3-2: Fly out, F9 (Flyball, 9D)
Batting: LHB Thierry Honoré 0-0: SINGLE (Groundball, 34D)
Batting: LHB Rob Rodríguez 0-0: Called Strike
0-1: Ball
1-1: Swinging Strike
1-2: Strikes out swinging
Batting: LHB Sandor Addicks 0-0: Called Strike
0-1: Swinging Strike
0-2: Strikes out swinging
Bottom of the 5th over - 0 runs, 1 hit, 0 errors, 1 left on base; Louisiana 6 - Kennesaw 4
TOP OF THE 6TH
Louisiana Dragoons batting - Pitching for Kennesaw Jets : RHP Ajax Moscopolis
Pitching: RHP Travis Arai
Batting: RHB Nelson Muntz 0-0: Ball
1-0: Fly out, F8 (Line Drive, 8RS)
Batting: RHB Min-gook Ch'oe 0-0: Called Strike
0-1: Ball
1-1: Swinging Strike
1-2: Strikes out swinging
Batting: RHB Carlos Amaya 0-0: Foul Ball, location: 2F
0-1: Ground out 2-3 (Groundball, 15S)
Top of the 6th over - 0 runs, 0 hits, 0 errors, 0 left on base; Louisiana 6 - Kennesaw 4
BOTTOM OF THE 6TH
Kennesaw Jets batting - Pitching for Louisiana Dragoons : RHP Ánibal Rivera
Batting: RHB Maurice Tremain 0-0: Called Strike
0-1: Ground out 5-3 (Groundball, 56S)
Batting: RHB Miguel Angel Montaño 0-0: Ground out 6-3 (Groundball, 56D)
Batting: SHB Jack MacJarrow 0-0: Swinging Strike
0-1: Swinging Strike
0-2: Hit by Pitch
Pitching: RHP Hamad Al Fardan
Batting: RHB Juan Herrera 0-0: Ball
Wild Pitch!
Jack MacJarrow to second
1-0: Called Strike
1-1: Reached on error, E5 (Groundball, 56)
Jack MacJarrow to third
Batting: RHB Jason Hopdown 0-0: Called Strike
0-1: Foul Ball, location: 2F
0-2: Strikes out looking
Bottom of the 6th over - 0 runs, 0 hits, 1 error, 2 left on base; Louisiana 6 - Kennesaw 4
TOP OF THE 7TH
Louisiana Dragoons batting - Pitching for Kennesaw Jets : RHP Travis Arai
Batting: RHB Reynaldo Padilla 0-0: SINGLE (Groundball, 6D)
Batting: SHB Yun-qi Chien 0-0: Ball
1-0: Bunted foul
1-1: Sac Bunt - play at first, batter OUT! 2-4
Reynaldo Padilla to second
Batting: LHB Walt Trombly 0-0: Fly out, F6 (Line Drive, 6)
Batting: LHB Ken Gill 0-0: Called Strike
0-1: Foul Ball, location: 2F
0-2: Strikes out swinging
Top of the 7th over - 0 runs, 1 hit, 0 errors, 1 left on base; Louisiana 6 - Kennesaw 4
BOTTOM OF THE 7TH
Kennesaw Jets batting - Pitching for Louisiana Dragoons : RHP Hamad Al Fardan
Batting: RHB John Shultz 0-0: Called Strike
0-1: Swinging Strike
0-2: Ball
1-2: Ball
2-2: Strikes out looking
Batting: LHB Thierry Honoré 0-0: Ball
1-0: Called Strike
1-1: SINGLE (Flyball, 7S)
Batting: LHB Rob Rodríguez 0-0: Ball
1-0: Foul Ball, location: 2F
1-1: SINGLE (Flyball, 9S)
Thierry Honoré to second
Runner from 2nd tries for 3rd, SAFE, throw made to third
Batting: LHB Sandor Addicks 0-0: Called Strike
0-1: Called Strike
0-2: Foul Ball, location: 2F
0-2: Ball
1-2: Ball
2-2: Strikes out swinging
Batting: RHB Maurice Tremain 0-0: Ball
1-0: Ball
2-0: Ball
3-0: Called Strike
3-1: Swinging Strike
3-2: Foul Ball, location: 2F
3-2: Strikes out swinging
Bottom of the 7th over - 0 runs, 2 hits, 0 errors, 2 left on base; Louisiana 6 - Kennesaw 4
TOP OF THE 8TH
Louisiana Dragoons batting - Pitching for Kennesaw Jets : RHP Travis Arai
Batting: LHB Randy Sallah 0-0: Ball
1-0: Foul Ball, location: 2F
1-1: Ball
2-1: Ball
3-1: Base on Balls
Batting: RHB Stephen Webb 0-0: Ball
1-0: Ball
2-0: Called Strike
2-1: Foul Ball, location: 2F
2-2: Foul Ball, location: 2F
2-2: Ground out 6-3 (Groundball, 6S)
Randy Sallah to second
Batting: RHB Nelson Muntz 0-0: Ball
1-0: Ball
2-0: Called Strike
2-1: Swinging Strike
2-2: Ball
3-2: Foul Ball, location: 2F
3-2: Foul Ball, location: 2F
3-2: Base on Balls
Batting: RHB Min-gook Ch'oe 0-0: SINGLE (Line Drive, 78S)
Randy Sallah to third
Nelson Muntz to second
Runner from 3rd tries for Home, SAFE, no throw
Batting: RHB Carlos Amaya 0-0: Ball
1-0: Ball
2-0: Swinging Strike
2-1: Fly out, F7 (Line Drive, 78S)
Batting: RHB Reynaldo Padilla 0-0: Ball
1-0: Called Strike
1-1: Fly out, F9 (Flyball, 9LMF)
Top of the 8th over - 1 run, 1 hit, 0 errors, 2 left on base; Louisiana 7 - Kennesaw 4
BOTTOM OF THE 8TH
Kennesaw Jets batting - Pitching for Louisiana Dragoons : RHP Hamad Al Fardan
Now at C: George Rardin
Batting: RHB Miguel Angel Montaño 0-0: Called Strike
0-1: Ball
1-1: Ball
2-1: Ball
3-1: Base on Balls
Batting: SHB Jack MacJarrow 0-0: Ball
1-0: Swinging Strike
1-1: Foul Ball, location: 2F
1-2: Ball
2-2: Strikes out swinging
Batting: RHB Juan Herrera 0-0: Called Strike
0-1: Ball
1-1: Foul Ball, location: 2F
1-2: Ball
2-2: 2-RUN HOME RUN (Flyball, 78XD), Distance : 404 ft
Pitching: RHP Ron Pomar
Batting: RHB Jason Hopdown 0-0: Ball
1-0: SINGLE (Line Drive, 6MD)
Batting: RHB John Shultz 0-0: Swinging Strike
0-1: Ball
1-1: Ball
2-1: Called Strike
2-2: Ground out 5-3 (Groundball, 25)
Jason Hopdown to second
Batting: LHB Thierry Honoré 0-0: Ball
1-0: Ball
2-0: Ball
3-0: Called Strike
3-1: Called Strike
3-2: Foul Ball, location: 2F
3-2: Foul Ball, location: 2F
3-2: Base on Balls
Batting: LHB Rob Rodríguez 0-0: Called Strike
0-1: SINGLE (Flyball, 7LS)
Jason Hopdown to third
Thierry Honoré to second
Runner from 3rd tries for Home, SAFE, no throw
Batting: LHB Sandor Addicks 0-0: Ball
1-0: Foul Ball, location: 2F
1-1: Ground out 4-3 (Groundball, 4M)
Bottom of the 8th over - 3 runs, 3 hits, 0 errors, 2 left on base; Louisiana 7 - Kennesaw 7
TOP OF THE 9TH
Louisiana Dragoons batting - Pitching for Kennesaw Jets : RHP Travis Arai
Pitching: RHP Jesús Gonzáles
Batting: SHB Yun-qi Chien 0-0: Called Strike
0-1: SINGLE (Groundball, 34D)
Batting: LHB Walt Trombly 0-0: Ball
1-0: SINGLE (Flyball, 56D)
Yun-qi Chien to second
Batting: LHB Ken Gill 0-0: Called Strike
0-1: Foul Ball, location: 2F
0-2: Ball
1-2: Ball
2-2: Ball
3-2: DOUBLE (Line Drive, 9LM)
Yun-qi Chien scores
Walt Trombly to third
Walt Trombly scores
Batting: LHB Randy Sallah 0-0: Intentional Walk
Pinch Hitting: LHB Connor Petty 0-0: Sac Bunt - play at first, batter OUT! 1-3
Ken Gill to third
Randy Sallah to second
Batting: RHB Nelson Muntz 0-0: Fly out, F5 (Line Drive, 5S)
Batting: RHB George Rardin 0-0: Ball
1-0: SINGLE (Groundball, 56D)
Ken Gill scores
Randy Sallah to third
Runner from 3rd tries for Home, SAFE, no throw
Pitching: RHP Yong-chul Kim
Batting: RHB Carlos Amaya 0-0: Called Strike
0-1: Foul Ball, location: 2F
0-2: Fly out, F9 (Flyball, 9)
Top of the 9th over - 4 runs, 4 hits, 0 errors, 1 left on base; Louisiana 11 - Kennesaw 7
BOTTOM OF THE 9TH
Kennesaw Jets batting - Pitching for Louisiana Dragoons : RHP Ron Pomar
Pitching: RHP Omara Moctar
Now at 3B: Mike Printup
Batting: RHB Maurice Tremain 0-0: Ball
1-0: Ball
2-0: Foul Ball, location: 2F
2-1: Foul Ball, location: 2F
2-2: Fly out, F7 (Flyball, 7S)
Batting: RHB Miguel Angel Montaño 0-0: Called Strike
0-1: Foul Ball, location: 2F
0-2: Ball
1-2: Strikes out looking
Batting: SHB Jack MacJarrow 0-0: SINGLE (Groundball, 4MD)
Batting: RHB Juan Herrera 0-0: Called Strike
0-1: Ball
1-1: Ball
2-1: Ball
3-1: Base on Balls
Jack MacJarrow to second
Batting: RHB Jason Hopdown 0-0: Ball
1-0: Ball
2-0: Foul Ball, location: 2F
2-1: Foul Ball, location: 2F
2-2: Foul Ball, location: 2F
2-2: Strikes out swinging
Bottom of the 9th over - 0 runs, 1 hit, 0 errors, 2 left on base; Louisiana 11 - Kennesaw 7
Sunday, March 18th, 2018 - OOTP Baseball 18.8 Build 76